 Dungeon Crawl Stone Soup version 0.21-a0-64-g1c0f2e3 (webtiles) character file.

25 Manul the Sneak (level 3, 0/18 HPs)
             Began as a Vine Stalker Wanderer on June 17, 2017.
             Slain by a bat (1 damage)
             ... on level 1 of the Dungeon.
             The game lasted 00:00:45 (855 turns).

Manul the Sneak (Vine Stalker Wanderer)              Turns: 855, Time: 00:00:45

Health: 0/18       AC:  2    Str: 13    XL:     3   Next: 4%
Magic:  0/4        EV: 11    Int: 13    God:
Gold:   21         SH:  0    Dex: 14    Spells: 2/2 levels left

rFire    . . .     SeeInvis +   a - +2 dagger
rCold    . . .     Gourm    .   (no shield)
rNeg     . . .     Faith    .   e - +0 robe
rPois    .         Spirit   +   (no helmet)
rElec    .         Reflect  .   (no cloak)
rCorr    .         Harm     .   (no gloves)
MR       .....                  (no boots)
Stlth    ++........             (no amulet)
HPRegen  0.06/turn              h - ring of flight
MPRegen  0.09/turn              j - ring of see invisible

@: no status effects
A: fangs 2, magic shield, antimagic bite, no potion heal 3, rot immunity
a: Evoke Flight


You were on level 1 of the Dungeon.
You were not hungry.

You visited 1 branch of the dungeon, and saw 1 of its levels.

You collected 21 gold pieces.

Inventory:

Hand Weapons
 a - a +2 dagger (weapon)
 c - a +0 hand crossbow
Missiles
 d - 26 bolts
Armour
 e - a +0 robe (worn)
Jewellery
 h - a ring of flight (left hand)
 j - a ring of see invisible (right hand)
Scrolls
 b - a scroll of fear
 i - a scroll of teleportation {unknown}
Comestibles
 f - a bread ration


   Skills:
 + Level 2.2 Fighting
 + Level 0.1 Short Blades
 + Level 1.1 Crossbows
 + Level 1.9 Armour
 + Level 0.2 Dodging
 + Level 2.8 Stealth
   Level 1.0 Conjurations
   Level 2.0 Hexes


You had 2 spell levels left.
You didn't know any spells.

Dungeon Overview and Level Annotations

Branches:
Dungeon (1/15)

Altars:


Innate Abilities, Weirdness & Mutations

You have extremely sharp teeth.
When hurt, damage is shared between your health and your magic reserves.
Your bite disrupts and absorbs the magic of your enemies.
Potions cannot restore your health.
You are immune to rotting.


Message History

The bat hits you but does no damage. The bat hits you but does no damage.
The bat hits you.
* * * LOW HITPOINT WARNING * * *
The bat closely misses you. The bat hits you but does no damage.
The bat hits you but does no damage. The bat barely misses you.
The bat hits you. The bat misses you. The bat closely misses you.
The bat hits you but does no damage. x2
The bat hits you. The bat completely misses you. The bat barely misses you.
The bat hits you but does no damage. x2
The bat hits you but does no damage. The bat barely misses you.
The bat hits you. The bat hits you but does no damage.
The bat barely misses you. The bat hits you but does no damage. x2
The bat hits you but does no damage. The bat hits you.
The bat hits you but does no damage. The bat completely misses you.
The bat barely misses you. The bat hits you but does no damage.
The bat barely misses you. The bat hits you but does no damage.
The bat hits you.
You die...

.##.#.#...
................
................ #
....####.##..... .#.#.#
....# ##..... .#.#.# ....+
...... ...... ....# #..#.
#.#.#.# .##.#
##..#.#b.....# .# ..+
+.....@......# .##### ..
##.......#.#%# ..###
....#..#..b...... ....#
...#..#......... ....##
###.#............ ......
.......##.....#.. .####
#....##.....###.#
.##########..............#
.........................#


You could see 2 bats.

Vanquished Creatures
  An ooze (D:1)
  3 dart slugs (D:1)
  A giant cockroach (D:1)
  3 goblins (D:1)
  2 hobgoblins (D:1)
  A bat (D:1)
  A frilled lizard (D:1)
  3 rats (D:1)
15 creatures vanquished.

Notes
Turn   | Place    | Note
-------+----------+-------------------------------------------
     0 | D:1      | Manul the Vine Stalker Wanderer began the quest for the Orb.
     0 | D:1      | Manul set off with: a +2 dagger, a scroll of fear, a +0 hand crossbow, 26 bolts, a +0 robe, a bread ration
     0 | D:1      | Reached XP level 1. HP: 11/11 MP: 2/2
   227 | D:1      | Reached XP level 2. HP: 7/15 MP: 3/3
   570 | D:1      | Reached XP level 3. HP: 4/18 MP: 4/4
   855 | D:1      | Slain by a bat

Vault maps used:
D:1:      eino_arrival_cavern_a

Skill      XL: |  1 |
---------------+----+-----
Fighting       | 2 |  2.2
Short Blades   | |  0.1
Crossbows      | |  1.1
Armour         | |  1.9
Dodging        | |  0.2
Stealth        | |  2.8
Conjurations   | |  1.0
Hexes          | |  2.0

Action                   || total
-------------------------++-------
Melee: Dagger            ||    49
       Bite              ||    11
 Stab: Sleeping          ||     1
Armor: Robe              ||    76
Dodge: Dodged            ||   133
